 Dungeon Crawl Stone Soup version 0.27-a0-1113-gb2b6fe9c5e (webtiles) character file.

Game seed: 9750240093049328814

31 DogServant the Insei (level 2, 23/23 HPs)
             Began as a Demigod Transmuter on Apr 30, 2021.
             Quit the game on level 1 of the Dungeon.
             The game lasted 00:01:19 (1232 turns).

DogServant the Insei (Demigod Transmuter)           Turns: 1232, Time: 00:01:19

Health: 23/23      AC:  2    Str: 11    XL:     2   Next: 90%
Magic:  7/7        EV: 12    Int: 15    God:
Gold:   9          SH:  0    Dex: 14    Spells: 3/4 levels left

rFire    . . .     SeeInvis .     - Unarmed
rCold    . . .     Faith    .   (no shield)
rNeg     . . .     Spirit   .   a - +0 robe
rPois    .         Reflect  .   (no helmet)
rElec    .         Harm     .   (no cloak)
rCorr    .         Rampage  .   (no gloves)
Will     .....                  (no boots)
Stlth    +.........             (no amulet)
HPRegen  0.07/turn              (no ring)
MPRegen  0.10/turn              (no ring)

@: no status effects
A: high mp 1, forlorn
a: no special abilities


You were on level 1 of the Dungeon.
You visited 1 branch of the dungeon, and saw 1 of its levels.

You collected 9 gold pieces.

Inventory:

Armour
 a - a +0 robe (worn)
Scrolls
 b - 2 scrolls of enchant weapon {unknown}
 c - a scroll of amnesia {unknown}
 d - a scroll of identify {unknown}
 e - a scroll of enchant armour {unknown}
 f - a scroll of blinking {unknown}
Potions
 g - a potion of ambrosia {unknown}


   Skills:
 - Level 1.0 Fighting
 - Level 1.7 Dodging
 + Level 3.3 Unarmed Combat
 - Level 1.7 Spellcasting
 + Level 2.5 Transmutations


You had 3 spell levels left.
You knew the following spells:

 Your Spells              Type           Power      Damage    Failure   Level
a - Beastly Appendage     Tmut           18%        N/A       8%          1

Your spell library contained the following spells:

 Spells                   Type           Power      Damage    Failure   Level
 Wereblood                Tmut           9%         N/A       12%         2
 Spider Form              Tmut/Pois      2%         N/A       38%         3
 Ice Form                 Ice/Tmut       5%         N/A       80%         4
 Hydra Form               Tmut           4%         N/A       91%         5


Dungeon Overview and Level Annotations

Branches:
Dungeon (1/15)


Innate Abilities, Weirdness & Mutations

Your attributes grow dramatically as you level up.
You have an increased reservoir of magic. (+10% MP)
You shall have no god before yourself.


Message History

The kobold misses you.
You hit the kobold.
You kill the kobold!
No target in view!
Your transformation is almost over.
You see here a +0 short sword.
Your horns disappear.
Your talons disappear.
You see here a +0 short sword.
There is a stone staircase leading down here.
You see here a +0 dagger.
A dart slug comes into view.
A dart slug is nearby!
A dart slug is nearby!
The dart slug launches a dart at you. The slug dart misses you.
Casting: Beastly Appendage (safe; 8% risk of failure)
Confirm with . or Enter, or press ? or * to list all spells.
You grow a pair of large bovine horns.
Your feet morph into talons.
The dart slug bites you.
You hit the dart slug but do no damage. The dart slug misses you.
You hit the dart slug.
You claw the dart slug, but do no damage.
The dart slug is moderately wounded.
You hit the dart slug. You claw the dart slug.
The dart slug is severely wounded.
The dart slug launches a dart at you. The slug dart misses you.
You hit the dart slug.
You kill the dart slug!
No target in view!
You see here a dart slug corpse.
Your transformation is almost over.
Your horns disappear.
Your talons disappear.
You now have 9 gold pieces.
You see here a +0 leather armour.
You see here a +0 leather armour.
Done exploring.
Done exploring.
Done exploring.
Are you sure you want to abandon this character and quit the game? (Confirm with "yes".)

#.#.#####.##....##.#
#.#.# ###.###...##.#
#.#.# #.....###.##.#
#.#.###.#.#.###.##.#
#.#.................
#.#.###.#.#.##.[..##
#.#.# #.....########
#.#.# ###.### #
#.#@## #.# #
#....####.# #
#.........# ########
##...###### #.......
##.## #.###### #.#
#.# #.# #.# #.# #.#
#.# #.#


There were no monsters in sight!

Vanquished Creatures
  3 dart slugs (D:1)
  A giant cockroach (D:1)
  2 goblins (D:1)
  3 hobgoblins (D:1)
  4 jackals (D:1)
  A kobold (D:1)
  4 ball pythons (D:1)
  2 bats (D:1)
  4 rats (D:1)
24 creatures vanquished.

Notes
Turn   | Place    | Note
-------+----------+-------------------------------------------
     0 | D:1      | DogServant the Demigod Transmuter began the quest for the
                  | Orb.
     0 | D:1      | Reached XP level 1. HP: 15/15 MP: 5/5
    41 | D:1      | Reached skill level 1 in Fighting
   268 | D:1      | Reached skill level 3 in Unarmed Combat
   283 | D:1      | Reached XP level 2. HP: 15/23 MP: 5/7
  1232 | D:1      | Quit the game

Illustrated notes

Levels and vault maps discovered:
D:1:      zelgadis_glass_arrival_small, layout_loops_ring,
          ebering_ecumenical_altar_abandoned

Skill      XL: |  1 |
---------------+----+-----
Fighting       | 1 |  1.0
Transmutations | 2 |  2.5
Unarmed Combat | 3 |  3.3
Dodging        | |  1.7
Spellcasting   | |  1.7

Action                   || total
-------------------------++-------
Melee: Unarmed           ||    65
       Kick              ||    13
       Headbutt          ||     5
 Cast: Beastly Appendage ||    19
Armor: Robe              ||    21
Dodge: Dodged            ||    47

Table legend: (Time is in decaauts)
 A = Elapsed time spent in this place.
 B = Non-inter-level travel time spent in this place.
 C = Inter-level travel time spent in this place.
 D = Time resting spent in this place.
 E = Time spent auto-exploring this place.
 F = Levels seen in this place.
 G = Mean time per level.
                   A        B        C        D        E       F      G
               +--------+--------+--------+--------+--------+-----+--------+
         Total |   1228 |   1228 |      0 |      0 |   1057 |   1 | 1228.0 |
       Dungeon |   1228 |   1228 |      0 |      0 |   1057 |   1 | 1228.0 |
               +--------+--------+--------+--------+--------+-----+--------+

Top non-repeatable levels by time:
     D:1: 1228 daAuts
